 Dungeon Crawl Stone Soup version 0.29.1-13-g9f3cf754e1 (webtiles) character file.

Game seed: 10641124439409674877

161 Thatpatchoflichen the Poker (level 5, -6/41 (46) HPs)
             Began as a Hill Orc Monk on Jan 19, 2023.
             Mangled by a wight
             ... wielding a +4 mace
              (7 damage)
             ... on level 4 of the Dungeon.
             The game lasted 00:07:11 (3970 turns).

Thatpatchoflichen the Poker (Hill Orc Monk)         Turns: 3970, Time: 00:07:12

HP:   -6/41 (46)    AC: 13    Str: 16    XL:     5   Next: 42%
MP:   5/5           EV:  7    Int: 10    God:
Gold: 179           SH:  0    Dex: 13    Spells: 4/4 levels left

rFire   . . .      SeeInvis .   a - +0 spear
rCold   . . .      Faith    .   (no shield)
rNeg    . . .      Spirit   .   q - +0 shadow dragon scales
rPois   .          Reflect  .   l - +0 helmet
rElec   .          Harm     .   (no cloak)
rCorr   .          Rampage  .   (no gloves)
Will    .....                   p - +0 pair of boots
Stlth   +++.......              (no amulet)
HPRegen 0.13/turn               (no ring)
MPRegen 0.09/turn               (no ring)

@: heavily drained
A: no striking features
a: no special abilities


You were on level 4 of the Dungeon.
You visited 1 branch of the dungeon, and saw 4 of its levels.

You collected 179 gold pieces.

Inventory:

Hand Weapons
 a - a +0 spear (weapon)
 s - a +1 dagger of holy wrath
Armour
 b - a +0 robe
 l - a +0 helmet (worn)
 p - a +0 pair of boots (worn)
 q - +0 shadow dragon scales (worn)
Magical Staves
 j - a staff of cold
Scrolls
 e - 5 scrolls of identify {unknown}
 f - a scroll of summoning {unknown}
 g - a scroll of fog {unknown}
 k - a scroll of teleportation {unknown}
 m - a scroll of vulnerability {unknown}
 n - 3 scrolls of enchant armour {unknown}
 r - a scroll of silence {unknown}
 t - a scroll of brand weapon {unknown}
Potions
 c - a potion of ambrosia
 d - a potion of cancellation {unknown}
 h - 2 potions of lignification {unknown}
 i - a potion of degeneration {unknown}
 o - a potion of heal wounds {unknown}


   Skills:
 - Level 4.0 Fighting
 + Level 5.3 Polearms
 - Level 3.0 Dodging
 - Level 2.5 Stealth


You had 4 spell levels left.
You didn't know any spells.
Your spell library contained the following spells:

 Spells                   Type           Power      Damage    Failure   Level
 Tukima's Dance           Hex            0%         N/A       100%        3
 Passage of Golubria      Tloc           0%         N/A       100%        4
 Yara's Violent Unravell  Hex/Tmut       0%         3d3       100%        5


Dungeon Overview and Level Annotations

Branches:
Dungeon (4/15)
 Temple: D:4-7

Altars:
The Shining One


Message History

The wight is lightly damaged.
The wight hits you with a +4 mace.
You hit the wight.
The wight is heavily damaged.
The wight hits you with a +4 mace.
You feel drained.
You hit the wight but do no damage.
The wight is heavily damaged.
The wight hits you with a +4 mace.
You hit the wight but do no damage.
The wight is heavily damaged.
You barely miss the wight.
The wight is heavily damaged.
The wight hits you but does no damage.
You hit the wight but do no damage.
The wight is heavily damaged.
The wight hits you but does no damage.
You hit the wight but do no damage.
The wight is heavily damaged.
The wight hits you with a +4 mace.
You feel drained.
You closely miss the wight.
The wight is heavily damaged.
The wight hits you with a +4 mace!
* * * LOW HITPOINT WARNING * * *
You hit the wight but do no damage.
The wight is heavily damaged.
The wight closely misses you.
You hit the wight.
The wight is heavily damaged.
The wight hits you with a +4 mace.
* * * LOW HITPOINT WARNING * * *
You feel drained. The wight attacks as you move away!
The wight hits you but does no damage. The wight hits you with a +4 mace.
* * * LOW HITPOINT WARNING * * *
The wight attacks as you move away! The wight hits you with a +4 mace.
* * * LOW HITPOINT WARNING * * *
You feel drained.
* * * LOW HITPOINT WARNING * * *
The wight attacks as you move away! The wight hits you with a +4 mace!
You die...

##.######..............
.....z.......###.#.###.
...#######z.## #.#.# #.
..#..# #.#.# #. #.#..#
#.#.# #. #.#..# #.#.#
#. ###.#..# #.#.# #.
#.z....# #.#.# #.
#@#.##.# #.#.# #.
#.#.##.####.#.###.
#.#.##............
#.#.##............
#<#.......≈≈≈≈###.
########.....≈.##.
..........≈≈≈≈....
..............####
########.####.....


You could see a wight.

Vanquished Creatures
  A hound (D:4)
  Natasha (D:2)
  Robin (D:2)
  3 adders
  2 worms
  A dart slug (D:1)
  2 ball pythons
  4 bats
  7 endoplasms
  A giant cockroach (D:1)
  14 goblins
  3 hobgoblins
  8 jackals
  A quokka (D:1)
  4 kobolds
  7 rats
60 creatures vanquished.

Notes
Turn   | Place    | Note
-------+----------+-------------------------------------------
     0 | D:1      | Thatpatchoflichen the Hill Orc Monk began the quest for the
                  | Orb.
     0 | D:1      | Reached XP level 1. HP: 19/19 MP: 1/1
   176 | D:1      | Reached XP level 2. HP: 23/27 MP: 2/2
   743 | D:1      | Found a faded altar of an unknown god.
  1127 | D:2      | Reached XP level 3. HP: 33/33 MP: 3/3
  1804 | D:2      | Noticed Robin
  2042 | D:2      | Killed Robin
  2043 | D:2      | Reached XP level 4. HP: 23/40 MP: 4/4
  2049 | D:2      | Reached skill level 4 in Polearms
  2793 | D:2      | Noticed Natasha
  2810 | D:2      | Killed Natasha
  3286 | D:3      | Reached XP level 5. HP: 46/46 MP: 5/5
  3444 | D:3      | Reached skill level 5 in Polearms
  3536 | D:3      | Found a glowing golden altar of the Shining One.
  3969 | D:4      | HP: 2/42 [wight/+4 mace (4)]
  3970 | D:4      | Mangled by a wight

Illustrated notes

Levels and vault maps discovered:
D:1:      elethiomel_arrival_infinity_welcomes_careful_drivers, layout_rooms,
          hellmonk_ecumenical_altar_pennies_from_heaven
D:2:      layout_loops_ring, minmay_misc_feat_rugged, uniq_robin, uniq_natasha
D:3:      layout_rooms, tso_oasis_becter
D:4:      layout_basic, serial_shops, nicolae_inconvenience_store,
          serial_rivers, chequers_serial_rivers_micro_d,
          chequers_serial_rivers_micro_d, chequers_serial_rivers_small_3,
          chequers_serial_rivers_micro_a, chequers_serial_rivers_micro_a,
          uniq_pikel, uniq_eustachio, uniq_crazy_yiuf_cottage

Skill      XL: |  1  2  3  4  5 |
---------------+----------------+-----
Fighting       | 4 |  4.0
Stealth        | 2 |  2.5
Dodging        | 3 |  3.0
Polearms       | 4 5 |  5.3

Action                   |  1- 3 |  4- 6 || total
-------------------------+-------+-------++-------
Melee: Spear             |   157 |   180 ||   337
       Punch             |     1 |     2 ||     3
       Unarmed           |       |    11 ||    11
 Stab: Sleeping          |     3 |     3 ||     6
Armor: Robe              |    31 |       ||    31
       Leather armour    |    25 |    33 ||    58
       Shadow dragon sca |       |    56 ||    56
       Skin              |       |     5 ||     5
Dodge: Dodged            |   128 |    87 ||   215
